 Dungeon Crawl Stone Soup version 0.24-a0-230-g536ed4e33c (webtiles) character file.

Game seed: 1584962258718676953

26 Redear the Firebug (level 3, 0/28 HPs)
             Began as a Hill Orc Fire Elementalist on Apr 3, 2019.
             Slain by an orc
             ... wielding a +0 short sword
              (3 damage)
             ... on level 2 of the Dungeon.
             The game lasted 00:05:03 (662 turns).

Redear the Firebug (Hill Orc Fire Elementalist)      Turns: 662, Time: 00:05:03

Health: 0/28       AC:  2    Str: 11    XL:     3   Next: 8%
Magic:  0/5        EV: 12    Int: 15    God:
Gold:   91         SH:  0    Dex: 11    Spells: 4/5 levels left

rFire    . . .     SeeInvis .   (no weapon)
rCold    . . .     Gourm    .   (no shield)
rNeg     . . .     Faith    .   a - +0 robe
rPois    .         Spirit   .   f - +0 hat
rElec    .         Reflect  .   (no cloak)
rCorr    .         Harm     .   (no gloves)
MR       .....                  (no boots)
Stlth    ++........             (no amulet)
HPRegen  0.09/turn              (no ring)
MPRegen  0.09/turn              (no ring)

@: no status effects
A: no striking features
a: no special abilities


You were on level 2 of the Dungeon.
You were not hungry.

You visited 1 branch of the dungeon, and saw 2 of its levels.

You collected 91 gold pieces.

Inventory:

Missiles
 j - 4 tomahawks
 Q - 13 stones (quivered)
Armour
 a - a +0 robe (worn)
 f - a +0 hat (worn)
 i - a +0 ring mail
Jewellery
 l - an uncursed ring of wizardry {unknown}
Scrolls
 e - a scroll of magic mapping {unknown}
 g - a scroll of enchant armour {unknown}
 h - a scroll of identify {unknown}
 m - a scroll of teleportation {unknown}
Potions
 b - a potion of degeneration {unknown}
 d - a potion of lignification {unknown}
 k - 2 potions of resistance {unknown}
Comestibles
 c - a ration


   Skills:
 + Level 1.5 Fighting
 + Level 1.1 Armour
 + Level 1.9 Dodging
 + Level 2.0 Stealth
 - Level 1.5 Spellcasting
 - Level 1.0 Conjurations
 - Level 3.2 Fire Magic


You had 4 spell levels left.
You knew the following spells:

 Your Spells              Type           Power        Failure   Level  Hunger
a - Flame Tongue          Conj/Fire      #....        10%         1    ##.....

Your spell library contained the following spells:

 Spells                   Type           Power        Failure   Level  Hunger
 Throw Flame              Conj/Fire      #.....       14%         2    ###....
 Conjure Flame            Conj/Fire      #.......     28%         3    ####...
 Inner Flame              Hex/Fire       #.......     34%         3    ####...
 Sticky Flame             Conj/Fire      #.......     67%         4    #####..
 Fireball                 Conj/Fire      #.........   95%         5    ######.


Dungeon Overview and Level Annotations

Branches:
Dungeon (2/15)

Altars:


Message History

You take 6 damage, and have 13/28 hp.
MASSIVE DAMAGE!!
You now have 0/5 mp.
The orc hits you but does no damage. The rat bites you but does no damage.
The goblin shoots a stone.
The stone hits you.
* * * LOW HITPOINT WARNING * * *
The stone freezes you.
* * * LOW HITPOINT WARNING * * *
You see here a stone.
You take 7 damage, and have 6/28 hp.
MASSIVE DAMAGE!!
The kobold throws a stone.
The stone closely misses you.
The goblin shoots a stone.
The stone hits you.
* * * LOW HITPOINT WARNING * * *
The stone freezes you.
* * * LOW HITPOINT WARNING * * *
You see here a stone.
You take 3 damage, and have 3/28 hp.
You hit the orc but do no damage. The orc hits you with a +0 short sword.
You die...

.. .. .....##.#
......#.....####
........##....(#########
........................
..............#.@.......
...............ro.......
...............w...g..).
.# ..#........#.........
.#.###.......###...(....
...#...####### ..#...K.!
####.### .##......
.....# ## ...... ######
######


You could see a worm, an orc, a goblin, a kobold and a rat.

Levels and vault maps discovered:
D:1:      minmay_arrival_loop, layout_rooms, minmay_crystal_water
D:2:      layout_rooms

Notes
Turn   | Place    | Note
-------+----------+-------------------------------------------
     0 | D:1      | Redear the Hill Orc Fire Elementalist began the quest for
                  | the Orb.
     0 | D:1      | Reached XP level 1. HP: 14/14 MP: 3/3
   124 | D:1      | Identified a +0 hat (You found it on level 1 of the
                  | Dungeon)
   176 | D:1      | Reached XP level 2. HP: 8/22 MP: 0/4
   210 | D:1      | HP: 5/22 [hobgoblin (5)]
   226 | D:1      | Reached skill level 1 in Fighting
   280 | D:1      | Identified a +0 dagger
   346 | D:1      | Reached skill level 1 in Armour
   350 | D:1      | Identified a +0 club
   378 | D:1      | Identified a +0 club
   418 | D:1      | Reached skill level 2 in Stealth
   540 | D:2      | Reached XP level 3. HP: 28/28 MP: 1/5
   567 | D:2      | Identified a +0 dagger
   654 | D:2      | Identified a +0 short sword
   654 | D:2      | Identified a +0 scale mail
   656 | D:2      | Identified a +0 mace
   656 | D:2      | Identified a +0 hunting sling of freezing
   656 | D:2      | Identified a +0 dagger
   660 | D:2      | HP: 7/28 [goblin/stone (6)]
   661 | D:2      | HP: 3/28 [goblin/stone (1)]
   662 | D:2      | Slain by an orc

Table legend:
 A = Turns spent in this place as a percentage of turns spent in the entire game.
 B = Non-inter-level travel turns spent in this place as a percentage of non-inter-level travel turns spent in the entire game.
 C = Inter-level travel turns spent in this place as a percentage of turns spent in this place.
 D = Turns resting spent in this place as a percentage of non-inter-level travel turns spent in this place.
 E = Turns spent auto-exploring this place as a percentage of non-inter-level travel turns spent in this place.
 F = Non-inter-level travel turns spent in this place divided by the number of levels of this place that you've seen.
                   A       B       C       D       E      F
               +-------+-------+-------+-------+-------+----------------------
         Total | 100.0 | 100.0 |   3.8 |   0.0 |  40.5 | 318.5
       Dungeon | 100.0 | 100.0 |   3.8 |   0.0 |  40.5 | 318.5
               +-------+-------+-------+-------+-------+----------------------

Table legend:
 A = Kills in this place as a percentage of kills in entire the game.
 B = Kills by you in this place as a percentage of kills by you in the entire game.
 C = Kills by friends in this place as a percentage of kills by friends in the entire game.
 D = Other kills in this place as a percentage of other kills in the entire game.
 E = Experience gained in this place as a percentage of experience gained in the entire game.
 F = Experience gained in this place divided by the number of levels of this place that you have seen.
                   A       B       C       D       E      F
               +-------+-------+-------+-------+-------+----------------------
         Total | 100.0 | 100.0 |   N/A |   N/A | 100.0 |  19.0
       Dungeon | 100.0 | 100.0 |   N/A |   N/A | 100.0 |  19.0
               +-------+-------+-------+-------+-------+----------------------

Skill      XL: |  1  2 |
---------------+-------+-----
Fighting       | 1 |  1.5
Armour         | 1 |  1.1
Stealth        | 2 |  2.0
Dodging        | |  1.9
Spellcasting   | |  1.5
Conjurations   | |  1.0
Fire Magic     | |  3.2

Action                   || total
-------------------------++-------
Melee: Unarmed           ||    14
 Cast: Flame Tongue      ||    36
Armor: Robe              ||     6
Dodge: Dodged            ||    21

Vanquished Creatures
  2 dart slugs (D:1)
  A ball python (D:2)
  2 bats (D:1)
  2 giant cockroaches (D:1)
  5 goblins
  2 hobgoblins (D:1)
  2 kobolds (D:1)
  A frilled lizard (D:2)
  3 rats
20 creatures vanquished.
